 Dungeon Crawl Stone Soup version 0.19.0 (webtiles) character file.

98 Eucla the Chopper (level 4, 0/40 HPs)
             Began as a Hill Orc Monk on Nov 19, 2016.
             Was a Believer of Nemelex Xobeh.
             Succumbed to a scorpion's poison
             ... on level 4 of the Dungeon.
             The game lasted 00:03:12 (1392 turns).

Eucla the Chopper (Hill Orc Monk)                   Turns: 1392, Time: 00:03:13

Health: 0/40       AC:  9    Str: 13    XL:     4   Next: 71%
Magic:  5/5        EV:  6    Int: 10    God:    Nemelex Xobeh [**....]
Gold:   79         SH:  0    Dex: 14    Spells: 0 memorised, 3 levels left

rFire  . . .     SeeInvis .     a - +0 hand axe
rCold  . . .     Gourm    .     s - +0 chain mail
rNeg   . . .     Faith    .     (no shield)
rPois  .         Spirit   .     (no helmet)
rElec  .         Reflect  .     (no cloak)
rCorr  .         Harm     .     g - +0 pair of gloves
MR     .....                    (no boots)
Stlth  ..........               k - amulet of magic regeneration
                                (no ring)
                                (no ring)

@: lethally poisoned (0 -> -9), very slightly contaminated, invisible
A: no striking features
a: Renounce Religion


You were on level 4 of the Dungeon.
You worshipped Nemelex Xobeh.
Nemelex Xobeh was pleased with you.
You were not hungry.

You visited 1 branch of the dungeon, and saw 3 of its levels.

You collected 79 gold pieces.

Inventory:

Hand Weapons
 a - a +0 hand axe (weapon)
Armour
 b - a +0 robe
 g - a +0 pair of gloves (worn)
 m - a +0 ring mail
 s - a +0 chain mail (worn)
Jewellery
 k - an amulet of magic regeneration (around neck)
Scrolls
 h - a scroll of recharging {unknown}
 l - a scroll of amnesia {unknown}
 o - a scroll of teleportation {unknown}
 r - 2 scrolls of identify
 u - a scroll of fog {unknown}
 w - 2 scrolls of remove curse
Potions
 e - a potion of lignification
 i - a potion of haste
Miscellaneous
 p - a plain deck of destruction
 q - a plain deck of summoning {drawn: 1}
 v - a plain deck of summoning
Comestibles
 c - 2 bread rations
 d - a fruit
 f - a slice of pizza
 j - a meat ration
 n - 2 beef jerkies


   Skills:
 + Level 4.3 Fighting
 * Level 6.1 Axes
 - Level 2.4 Dodging
 - Level 1.5 Stealth
 + Level 1.6 Invocations


You had 3 spell levels left.
You didn't know any spells.

Dungeon Overview and Level Annotations

Branches:
Dungeon (2/15)

Altars:
Elyvilon
Nemelex Xobeh
Trog


Message History

* * * LOW HITPOINT WARNING * * *
You feel sick.
* * * LOW HITPOINT WARNING * * *
You feel sick.
* * * LOW HITPOINT WARNING * * *
You feel sick.
* * * LOW HITPOINT WARNING * * *
You feel sick.
* * * LOW HITPOINT WARNING * * *
You feel sick.
* * * LOW HITPOINT WARNING * * *
You feel sick.
* * * LOW HITPOINT WARNING * * *
You feel sick.
* * * LOW HITPOINT WARNING * * *
You feel sick.
* * * LOW HITPOINT WARNING * * *
You feel sick.
You die...
Your body glows slightly and disappears.

).# ##..###.## #.####
##.##..##.##
##...###.########.#
##.###.#.#.###...#.#
##.## ##.###...###.## ###
#.##################
#....#.#....#....#.#....
.............#..#...#..#.
.....#.#.†......@c.......
................N........
#####....................
#.######.........#### #.
#..##<....# #.
...........# #.
.##..####.#.# ... .#.#


You could see a friendly naga sharpshooter and a friendly yaktaur.

Vanquished Creatures
  2 adders
  3 dart slugs
  2 leopard geckos
  6 giant cockroaches
  6 goblins
  6 hobgoblins
  3 ball pythons
  4 bats
  4 frilled lizards
  7 kobolds
  3 rats
46 creatures vanquished.

Vanquished Creatures (collateral kills)
  A scorpion (D:4)
1 creature vanquished.

Grand Total: 47 creatures vanquished

Notes
Turn   | Place    | Note
-------+----------+-------------------------------------------
     0 | D:1      | Eucla the Hill Orc Monk began the quest for the Orb.
     0 | D:1      | Reached XP level 1. HP: 19/19 MP: 1/1
    43 | D:1      | Reached XP level 2. HP: 23/27 MP: 2/2
   429 | D:1      | Reached skill level 5 in Axes
   525 | D:1      | Reached XP level 3. HP: 30/33 MP: 3/3
  1005 | D:2      | Found a sparkling altar of Nemelex Xobeh.
  1009 | D:2      | Became a worshipper of Nemelex Xobeh the Trickster
  1009 | D:2      | Received a gift from Nemelex Xobeh
  1009 | D:2      | Reached * piety under Nemelex Xobeh
  1009 | D:2      | Received a gift from Nemelex Xobeh
  1009 | D:2      | Reached ** piety under Nemelex Xobeh
  1075 | D:2      | Found a white marble altar of Elyvilon.
  1102 | D:2      | You fall through a shaft for 2 floors!
  1102 | D:4      | Found a bloodstained altar of Trog.
  1185 | D:4      | Reached XP level 4. HP: 40/40 MP: 4/4
  1266 | D:4      | Received a gift from Nemelex Xobeh
  1280 | D:4      | Reached skill level 1 in Invocations
  1380 | D:4      | Reached skill level 6 in Axes
  1390 | D:4      | HP: 2/40 [poisoned by a scorpion]
  1392 | D:4      | Succumbed to a scorpion's poison

Skill      XL: |  1  2  3  4 |
---------------+-------------+-----
Axes           | 5 6 |  6.1
Fighting       | 4 |  4.3
Invocations    | 1 |  1.6
Dodging        | |  2.4
Stealth        | |  1.5

Action                   |  1- 3 |  4- 6 || total
-------------------------+-------+-------++-------
Melee: Hand axe          |   114 |    19 ||   133
Evoke: Deck              |       |     1 ||     1
  Use: Scroll            |     4 |       ||     4
       Potion            |       |     1 ||     1
 Stab: Sleeping          |     2 |       ||     2
  Eat: Chunk             |     1 |     1 ||     2
Armor: Robe              |    17 |       ||    17
       Chain mail        |    17 |     6 ||    23
       Ring mail         |     9 |       ||     9
Dodge: Dodged            |    93 |     8 ||   101
